AoeStats
← Grogu

Hideout

507569533Analyzed
1v1 RM · 12d ago on Sep 18, 2026· 51m 59s· 2 players
Game mode
Random Map
Map size
Tiny (2 player)
Population
200
Speed
Normal
Resources
Standard
Victory
Conquest
Starting age
Dark Age
Ending age
Imperial Age
RankedLock teamsTeams togetherTeam positionsShared explorationLock speedFull tech treeHidden civsTurbo modeCheats
Victory
Defeat
🇧🇷 Vikings · Brazil
1269
+17
🇺🇸 Burgundians · United States
1284
-17
Grogu
6:41 Loom
9:26 Feudal Age
9:29 Man-at-Arms
10:36 Horse Collar
13:25 Double-Bit Axe
19:48 Castle Age
18:26 Scale Mail Armor
18:36 Forging
18:48 Fletching
19:56 Forging
20:46 Bow Saw
20:22 Pikeman
21:03 Squires
24:44 Gold Mining
25:27 Town Watch
30:41 Imperial Age
31:50 Bodkin Arrow
32:10 Chain Mail Armor
32:31 Iron Casting
32:36 Chieftains
32:41 Bracer
33:53 Ballistics
34:34 Chemistry
33:45 Fortified Wall
33:30 Murder Holes
34:05 Onager
34:53 Town Patrol
37:15 Guard Tower
38:27 Blast Furnace
37:58 Plate Mail Armor
37:29 Padded Archer Armor
37:42 Masonry
40:30 Elite Berserk
41:32 Scale Barding Armor
42:12 Long Swordsman
42:39 Gambesons
43:02 Two-Handed Swordsman
45:24 Champion
46:00 Capped Ram
46:52 Siege Ram
Neat Tip
3:40 Double-Bit Axe
7:54 Loom
10:14 Feudal Age
8:39 Horse Collar
11:19 Bow Saw
11:13 Heavy Plow
16:34 Wheelbarrow
20:59 Castle Age
19:10 Gold Mining
19:48 Fletching
19:59 Padded Archer Armor
21:00 Hand Cart
23:58 Bodkin Arrow
26:09 Stone Mining
25:41 Elite Skirmisher
29:12 Two-Man Saw
30:14 Town Watch
30:57 Ballistics
31:53 Gold Shaft Mining
33:11 Leather Archer Armor
37:57 Imperial Age
37:47 Masonry
37:18 Treadmill Crane
38:05 Capped Ram
40:25 Bracer
45:54 Flemish Revolution
46:30 Scale Mail Armor
Connection lost

Rejoining the realm…

Still unreachable

The connection could not be restored.

Session expired

The server has moved on; the page needs a fresh start.